 Dungeon Crawl Stone Soup version 0.32-a0-768-g0f6f1dd4b9 (webtiles) character file.

Game seed: 3031939000057709608

410 Vipelierre100 the Gusty (level 6, 22/33 HPs)
             Began as a Tengu Air Elementalist on Mar 16, 2024.
             Quit the game on level 5 of the Dungeon on Mar 18, 2024.
             The game lasted 00:46:44 (4742 turns).

Vipelierre100 the Gusty (Tengu Air Elementalist)    Turns: 4742, Time: 00:46:44

Health: 22/33      AC:  4    Str:  8    XL:     6   Next: 89%
Magic:  5/12       EV: 31    Int: 17    God:
Gold:   127        SH:  0    Dex: 15    Spells: 4/12 levels left

rFire   + . .        y - +2 short sword (freeze)
rCold   . . .        (no shield)
rNeg    + . .        o - +0 leather armour {rF+}
rPois   .            (helmet restricted)
rElec   .            (no cloak)
rCorr   .            s - +0 pair of gloves
SInv    .            (boots unavailable)
Will    .....        i - amulet of regeneration
Stlth   ++           l - +5 ring of evasion
HPRegen 1.05/turn    x - ring of positive energy
MPRegen 0.13/turn

%: acrobat
@: unswift, acrobatic, very slow
A: beak, talons 3, acrobatic
a: no special abilities


You were on level 5 of the Dungeon.
You visited 1 branch of the dungeon, and saw 5 of its levels.

You collected 226 gold pieces.
You spent 99 gold pieces at shops.

Inventory:

Hand Weapons
 e - a +0 sling
 g - a +2 dagger of venom
 p - a +1 trident of protection
 q - a +4 dagger
 t - a +2 dagger of pain
 y - a +2 short sword of freezing (weapon)
Missiles
 h - 66 stones
 z - 4 poisoned darts (quivered)
Armour
 a - a +0 robe
 c - a +0 leather armour
 o - a +0 leather armour of fire resistance (worn)
 s - a +0 pair of gloves (worn)
 v - a +0 barding
Jewellery
 i - an amulet of regeneration (around neck)
 l - a +5 ring of evasion (left hand)
 x - a ring of positive energy (right hand)
Wands
 r - a wand of flame (20)
Scrolls
 d - 2 scrolls of teleportation {unknown}
 f - a scroll of blinking {unknown}
 j - 3 scrolls of identify {unknown}
 A - a scroll of fear {unknown}
Potions
 b - 2 potions of magic
 k - a potion of haste {unknown}
 m - a potion of attraction {unknown}
 n - a potion of berserk rage {unknown}
 u - a potion of ambrosia {unknown}
 w - a potion of degeneration {unknown}
 B - a potion of mutation {unknown}


   Skills:
 + Level 0.9 Fighting
 + Level 1.7 Short Blades
 + Level 1.0 Ranged Weapons
 + Level 2.1 Armour
 + Level 2.8 Dodging
 + Level 2.4 Stealth
 + Level 0.6 Unarmed Combat
 + Level 3.5 Spellcasting
 + Level 3.8 Conjurations
 + Level 5.7 Air Magic


You had 4 spell levels left.
You knew the following spells:

 Your Spells              Type           Power      Damage    Failure   Level
a - Shock                 Conj/Air       76%        1d7       3%          1
b - Swiftness             Air            22%        N/A       7%          3
c - Airstrike             Air            11%        2d(2-18)  22%         4

Your spell library contained the following spells:

 Spells                   Type           Power      Damage    Failure   Level
 Static Discharge         Conj/Air       38%        3-5/arc   4%          2
 Slow                     Hex            12%        N/A       24%         1
 Confusing Touch          Hex            3%         N/A       56%         3
 Vampiric Draining        Necr           3%         2d6       56%         3


Dungeon Overview and Level Annotations

Branches:
Dungeon (5/15)
 Temple: D:4-7

Altars:
Okawaru
Xom

Shops:
D:2 *[(::

Annotations:
D:4 2 transporters, Nilihum's ghost, amateur DrAE
D:5 Pikel


Innate Abilities, Weirdness & Mutations

You have a beak for a mouth.
You have claws for feet.
You can magically evade attacks while moving or waiting.


Message History

The lemure is almost dead.
The lemure misses you.
You hit the lemure but do no damage. Your peck misses the lemure.
The lemure is almost dead.
The lemure hits you but does no damage.
You hit the lemure. You freeze the lemure.
You kill the lemure!
That felt strangely unrewarding.
Casting: Swiftness (quite dangerous; 7% risk of failure)
Confirm with . or Enter, or press ? or * to list all spells.
Aiming: Shock (safe; 3% risk of failure)
Press: ? - help, Shift-Dir - straight line, f/p - Pikel
Aim: Pikel, wielding a +1 whip of flaming and wearing a +0 robe (64% to hit)
The zap hits Pikel.
Pikel is lightly wounded.
You hit Pikel. You freeze Pikel. Your kick misses Pikel.
Pikel is lightly wounded.
Pikel hits you with a +1 whip of flaming!
Pikel burns you.
You hit Pikel. You freeze Pikel. Your peck misses Pikel.
Pikel is moderately wounded.
Pikel hits you with a +1 whip of flaming.
Pikel burns you.
Pikel hits you with a +1 whip of flaming.
Pikel burns you.
You climb downwards.
There is a stone staircase leading up here.
Found a scroll labelled SYOHIKLUTOM.
Pikel completely misses you.
Found a pair of gloves.
Pikel attacks as he pursues you! Pikel hits you but does no damage.
Pikel completely misses you.
A phantom comes into view.
Pikel misses you.
A scorpion comes into view.
You start to feel a little faster.
The phantom completely misses you. The phantom closely misses you.
The phantom attacks as it pursues you! The phantom completely misses you.
Pikel closely misses you. The phantom hits you.
The phantom blinks!
You blink.
Are you sure you want to abandon this character and quit the game? (Confirm with "yes".)

##### .....#.
.....s...
#........
########........
#...............
#..............
#W@...ยง.?....#
#......K..####
#.........######
##.........#...
#.#######.#.######
#.# #........[.
#.# ##.#.######
#.# #.#.# #.#<#


You could see Pikel and a phantom.

Vanquished Creatures
  An ogre (D:3)
  3 lemures (D:4)
  A phantom (D:4)
  Crazy Yiuf (D:2)
  Jessica (D:2)
  Ijyb (D:3)
  3 gnolls (D:3)
  5 adders
  4 ribbon worms
  2 dart slugs
  An orc (D:4)
  6 ball pythons
  4 endoplasms
  2 giant cockroaches
  13 goblins
  5 hobgoblins
  5 jackals (D:1)
  6 quokkas
  7 bats
  3 frilled lizards
  9 kobolds
  9 rats
92 creatures vanquished.

Notes
Turn   | Place    | Note
-------+----------+-------------------------------------------
     0 | D:1      | Vipelierre100 the Tengu Air Elementalist began the quest
                  | for the Orb.
     0 | D:1      | Reached XP level 1. HP: 10/10 MP: 4/4
   441 | D:1      | Reached XP level 2. HP: 15/15 MP: 0/6
   938 | D:1      | Reached XP level 3. HP: 19/19 MP: 0/7
  1580 | D:2      | Found Mupten's Book Emporium.
  1711 | D:2      | Noticed Jessica
  1716 | D:2      | Killed Jessica
  1717 | D:2      | Reached skill level 5 in Air Magic
  1717 | D:2      | Reached XP level 4. HP: 24/24 MP: 1/8
  1850 | D:2      | Reached skill level 1 in Armour
  2029 | D:2      | Found Seufopn's Book Shop.
  2203 | D:2      | Found Uhyenu's Weapon Shoppe.
  2223 | D:2      | Found Coxkuh's General Store.
  2233 | D:2      | Bought a +0 leather armour of fire resistance for 99 gold
                  | pieces
  2326 | D:2      | Found Wius's Antique Armour Shoppe.
  2697 | D:2      | Found a runed translucent door.
  2698 | D:2      | Noticed Crazy Yiuf
  2705 | D:2      | Learned a level 3 spell: Swiftness
  2747 | D:2      | HP: 1/24 [poisoned by Crazy Yiuf]
  2771 | D:2      | Killed Crazy Yiuf
  2772 | D:2      | Reached XP level 5. HP: 18/28 MP: 7/10
  2866 | D:3      | Found a faded altar of an unknown god.
  3197 | D:3      | Noticed Ijyb
  3224 | D:3      | Killed Ijyb
  3225 | D:3      | Reached skill level 1 in Ranged Weapons
  3626 | D:3      | Noticed an ogre
  3639 | D:3      | Learned a level 4 spell: Airstrike
  3707 | D:3      | Found an iron altar of Okawaru.
  4080 | D:3      | Killed an ogre
  4081 | D:3      | Reached skill level 1 in Short Blades
  4081 | D:3      | Reached XP level 6. HP: 33/33 MP: 3/12
  4376 | D:4      | Found a shimmering altar of Xom.
  4513 | D:4      | Found a transporter.
  4517 | D:4      | Noticed Nilihum's ghost (amateur DrAE)
  4519 | D:4      | Found a transporter.
  4642 | D:4      | Noticed Pikel
  4660 | D:4      | Upgraded the game from 0.32-a0-732-ga344392067 to
                  | 0.32-a0-768-g0f6f1dd4b9
  4733 | D:5      | Entered Level 5 of the Dungeon
  4742 | D:5      | Quit the game

Illustrated notes

Levels and vault maps discovered:
D:1:      wander_arrival_abandoned_jail, layout_loops_cross
D:2:      layout_loops_ring, serial_shops, nicolae_shop_overgrown_old_shop,
          nicolae_shop_hallway_stairs, shop_statue,
          nicolae_shop_pleasant_corner_grove, nicolae_shop_hallway_plus,
          minmay_misc_feat_cross, uniq_crazy_yiuf_cottage, uniq_jessica
D:3:      layout_basic, okawaru_altar_gauntlet_db,
          ebering_ecumenical_altar_ruins, grunt_decor_arrowhead, uniq_ijyb
D:4:      layout_loops_corners, mainiacjoe_overflow_six_doors_small,
          gammafunk_ghost_arena, uniq_menkaure, uniq_pikel
D:5:      layout_basic, minmay_fractal_squares_diagonal_5, uniq_blork_the_orc

Skill      XL: |  1  2  3  4  5  6 |
---------------+-------------------+-----
Conjurations   | 2 3 |  3.8
Air Magic      | 5 |  5.7
Armour         | 1 2 |  2.1
Ranged Weapons | 1 |  1.0
Spellcasting   | 3 |  3.5
Short Blades   | 1 |  1.7
Fighting       | |  0.9
Dodging        | |  2.8
Stealth        | |  2.4
Unarmed Combat | |  0.6

Action                     |  1- 3 |  4- 6 || total
---------------------------+-------+-------++-------
  Melee: Unarmed           |     7 |       ||     7
         Kick              |     3 |    19 ||    22
         Dagger            |     4 |    35 ||    39
         Trident           |       |     9 ||     9
         Peck              |       |    12 ||    12
         Short sword       |       |    25 ||    25
   Fire: Sling             |     8 |     3 ||    11
   Cast: Shock             |    63 |   109 ||   172
         Swiftness         |       |     3 ||     3
         Airstrike         |       |     3 ||     3
  Evoke: Wand              |       |     2 ||     2
   Stab: Sleeping          |       |     1 ||     1
 Armour: Leather armour    |    13 |    30 ||    43
  Dodge: Dodged            |    12 |    99 ||   111

Table legend: (Time is in decaauts)
 A = Elapsed time spent in this place.
 B = Non-inter-level travel time spent in this place.
 C = Inter-level travel time spent in this place.
 D = Time resting spent in this place.
 E = Time spent auto-exploring this place.
 F = Levels seen in this place.
 G = Mean time per level.
                   A        B        C        D        E       F      G
               +--------+--------+--------+--------+--------+-----+--------+
         Total |   4752 |   4655 |     97 |   1486 |   1737 |   5 |  950.4 |
       Dungeon |   4752 |   4655 |     97 |   1486 |   1737 |   5 |  950.4 |
               +--------+--------+--------+--------+--------+-----+--------+

Top non-repeatable levels by time:
     D:1: 1582 daAuts
     D:3: 1373 daAuts
     D:2: 1297 daAuts
     D:4: 487 daAuts
     D:5: 12 daAuts
